 Dungeon Crawl Stone Soup version 0.28.0-53-g5a82cb258f (webtiles) character file.

Game seed: 14139920854892222383

46 H0rd4k the Charlatan (level 3, -4/26 HPs)
             Began as a Human Artificer on June 23, 2022.
             Slain by Jessica
             ... wielding a +0 dagger
              (5 damage)
             ... on level 2 of the Dungeon.
             The game lasted 00:00:50 (1957 turns).

H0rd4k the Charlatan (Human Artificer)              Turns: 1957, Time: 00:00:50

Health: -4/26      AC:  3    Str: 12    XL:     3   Next: 95%
Magic:  3/3        EV: 11    Int: 13    God:
Gold:   58         SH:  0    Dex: 13    Spells: 2/2 levels left

rFire   . . .      SeeInvis .   j - +1 dagger (elec)
rCold   . . .      Faith    .   (no shield)
rNeg    . . .      Spirit   .   b - +0 leather armour
rPois   .          Reflect  .   (no helmet)
rElec   .          Harm     .   (no cloak)
rCorr   .          Rampage  .   (no gloves)
Will    .....                   (no boots)
Stlth   +.........              (no amulet)
HPRegen 0.08/turn               (no ring)
MPRegen 0.08/turn               (no ring)

@: no status effects
A: no striking features
a: no special abilities


You were on level 2 of the Dungeon.
You visited 1 branch of the dungeon, and saw 2 of its levels.

You collected 58 gold pieces.

Inventory:

Hand Weapons
 a - a +0 club
 h - a +3 dagger
 j - a +1 dagger of electrocution (weapon)
Armour
 b - a +0 leather armour (worn)
Magical Staves
 f - a staff of poison
Jewellery
 g - a ring of wizardry
Wands
 c - a wand of flame (11) (quivered)
 d - a wand of charming (15)
Scrolls
 l - a scroll of magic mapping {unknown}
 n - a scroll of vulnerability {unknown}
 q - a scroll of identify {unknown}
Potions
 i - a potion of degeneration {unknown}
 k - a potion of brilliance {unknown}
 m - a potion of magic {unknown}
 o - a potion of flight {unknown}
 p - a potion of might {unknown}
Miscellaneous
 e - a piece from Xom's chessboard (15/15)


   Skills:
 + Level 1.4 Fighting
 + Level 0.4 Short Blades
 + Level 0.7 Maces & Flails
 - Level 2.0 Armour
 + Level 1.2 Dodging
 - Level 1.0 Stealth
 + Level 4.0 Evocations


You had 2 spell levels left.
You didn't know any spells.
Your spell library contained the following spells:

 Spells                   Type           Power      Damage    Failure   Level
 Ensorcelled Hibernation  Hex/Ice        0%         N/A       52%         2
 Spider Form              Tmut/Pois      0%         N/A       75%         3
 Anguish                  Hex/Necr       0%         N/A       98%         4


Dungeon Overview and Level Annotations

Branches:
Dungeon (2/15)

Altars:

Annotations:
D:2 Jessica


Message History

There is an open door here.
Jessica is nearby!
Jessica is nearby!
Jessica is nearby!
Jessica closely misses you.
You closely miss Jessica. Jessica hits you with a +0 dagger.
Jessica is nearby!
You hit Jessica but do no damage. Jessica hits you but does no damage.
You hit Jessica.
Jessica is lightly wounded.
Jessica hits you with a +0 dagger.
You completely miss Jessica.
Jessica is lightly wounded.
Jessica hits you with a +0 dagger.
You hit Jessica.
Jessica is moderately wounded.
Jessica casts a spell.
Jessica seems to speed up.
You hit Jessica but do no damage.
Jessica is moderately wounded.
Jessica shouts, "You're disturbing me!
I'll have to kill you!" Jessica misses you.
You hit Jessica.
Jessica is heavily wounded.
Jessica barely misses you.
You closely miss Jessica.
Jessica is heavily wounded.
Jessica closely misses you. Jessica casts a spell at you.
Pain shoots through your body!
* * * LOW HITPOINT WARNING * * *
You barely miss Jessica.
Jessica is heavily wounded.
Jessica points at you and mumbles some strange words.
Pain shoots through your body!
* * * LOW HITPOINT WARNING * * *
You hit Jessica.
Jessica is severely wounded.
Jessica hits you but does no damage. Jessica hits you with a +0 dagger.
You die...

##..#....#.#.........#
...........).........+
##...................#
#####..###.#.......#
#).# #.##.....##
###..# #.###...##
#†...# #.# ##'##
#.#.####.# #.#
#.#......# #@#
#.#########..@.....#
#. #....###.# #.
#.#.... #. #.#.#..##
#. ..#...#.. ### #.#
## .#


You could see Jessica (fast).

Vanquished Creatures
  An adder (D:2)
  2 worms (D:1)
  2 dart slugs
  4 ball pythons
  2 bats (D:1)
  3 endoplasms
  3 goblins (D:1)
  3 hobgoblins
  2 quokkas (D:1)
  4 kobolds (D:1)
  A rat (D:1)
27 creatures vanquished.

Notes
Turn   | Place    | Note
-------+----------+-------------------------------------------
     0 | D:1      | H0rd4k the Human Artificer began the quest for the Orb.
     0 | D:1      | Reached XP level 1. HP: 15/15 MP: 1/1
   412 | D:1      | Reached XP level 2. HP: 9/21 MP: 2/2
   779 | D:1      | Reached XP level 3. HP: 7/26 MP: 3/3
  1045 | D:1      | Found a faded altar of an unknown god.
  1602 | D:2      | Reached skill level 4 in Evocations
  1944 | D:2      | Noticed Jessica
  1956 | D:2      | HP: 1/26 [Jessica/nerve-wracking pain (5)]
  1957 | D:2      | Slain by Jessica

Illustrated notes

Levels and vault maps discovered:
D:1:      ncdulo_halloftheorcs, layout_rooms, ebering_ecumenical_altar_hall,
          hangedman_decor_peaks_small, nicolae_wormholes
D:2:      layout_loops_corners, uniq_terence, uniq_robin, uniq_jessica

Skill      XL: |  1  2  3 |
---------------+----------+-----
Evocations     | 4 |  4.0
Fighting       | |  1.4
Short Blades   | |  0.4
Maces & Flails | |  0.7
Armour         | |  2.0
Dodging        | |  1.2
Stealth        | |  1.0

Action                   || total
-------------------------++-------
Melee: Club              ||    24
       Dagger            ||    63
Evoke: Wand              ||     4
 Stab: Sleeping          ||     2
Armor: Leather armour    ||    18
Dodge: Dodged            ||    45
